 Dungeon Crawl Stone Soup version 0.29-a0-717-g6dac4ea423 (webtiles) character file.

Game seed: 6975171863860695783

37 rocky1 the Grave Robber (level 3, 24/24 HPs)
             Began as a Demonspawn Necromancer on June 18, 2022.
             Was a Follower of Uskayaw.
             Quit the game on level 2 of the Dungeon on June 27, 2022.
             The game lasted 00:05:44 (1431 turns).

rocky1 the Grave Robber (Demonspawn Necromancer)    Turns: 1431, Time: 00:05:45

Health: 24/24      AC:  4    Str:  8    XL:     3   Next: 21%
Magic:  2/6        EV: 11    Int: 18    God:    Uskayaw [*.....]
Gold:   41         SH:  0    Dex: 13    Spells: 5/6 levels left

rFire   . . .      SeeInvis .   d - +0 dagger
rCold   . . .      Faith    .   (no shield)
rNeg    . . .      Spirit   .   e - +0 leather armour
rPois   .          Reflect  .   (no helmet)
rElec   .          Harm     .   (no cloak)
rCorr   .          Rampage  .   g - +0 pair of gloves
Will    .....                   (no boots)
Stlth   ++........              (no amulet)
HPRegen 0.08/turn               (no ring)
MPRegen 0.20/turn               (no ring)

@: no status effects
A: magic regeneration, demonic touch 1
a: Renounce Religion, Stomp


You were on level 2 of the Dungeon.
You worshipped Uskayaw.
Uskayaw was noncommittal.
You visited 1 branch of the dungeon, and saw 2 of its levels.

You collected 41 gold pieces.

Inventory:

Hand Weapons
 d - a +0 dagger (weapon)
Armour
 e - a +0 leather armour (worn)
 g - a +0 pair of gloves (worn)
Magical Staves
 k - a staff of earth
Scrolls
 c - a scroll of enchant armour {unknown}
 f - a scroll of acquirement {unknown}
 i - a scroll of torment {unknown}
 l - a scroll of fog {unknown}
Potions
 a - 2 potions of might {unknown}
 b - a potion of magic
 h - 3 potions of mutation {unknown}
 j - a potion of brilliance {unknown}


   Skills:
 - Level 1.7 Dodging
 - Level 1.7 Stealth
 + Level 2.4 Spellcasting
 + Level 5.3 Necromancy


You had 5 spell levels left.
You knew the following spells:

 Your Spells              Type           Power      Damage    Failure   Level
a - Necrotize             Necr           84%        1d8       2%          1

Your spell library contained the following spells:

 Spells                   Type           Power      Damage    Failure   Level
 Vampiric Draining        Necr           21%        2d7       9%          3
 Animate Dead             Necr           21%        N/A       28%         4
 Conjure Flame            Conj/Fire      2%         6-21      58%         3
 Ignite Poison            Fire/Tmut/Pois 2%         N/A       58%         3
 Agony                    Necr           21%        N/A       61%         5
 Sticky Flame             Conj/Fire      2%         2d3       94%         4


Dungeon Overview and Level Annotations

Branches:
Dungeon (2/15)

Altars:
Uskayaw


Innate Abilities, Weirdness & Mutations

You regenerate magic rapidly.
Your touch may inflict minor irresistible damage on your foes.


Message History

You closely miss the goblin. Your touch misses the goblin.
The goblin is heavily wounded.
The goblin hits you with a +0 dagger.
You hit the goblin.
You kill the goblin!
You swap places.
Found a club.
Things that are here:
a +0 dagger; a goblin corpse Magic restored.
HP restored.
Your goblin skeleton crumbles into dust!
h - 3 emerald potions (gained 1)
Found a hand axe.
A kobold comes into view. It is wielding a +0 dagger.
Found a club.
A kobold is nearby!
Aiming: Necrotize (safe; 2% risk of failure)
Press: ? - help, Q - select action, (/) - cycle Shift-Dir - straight line, f - you That beam is likely to hit you.
Continue anyway?
Okay, then.
Unknown command.
Aiming: Necrotize (safe; 2% risk of failure)
Press: ? - help, Q - select action, (/) - cycle Shift-Dir - straight line, f - kobold
Aim: a kobold, wielding a +0 dagger (chance to affect: 90%)
The kobold writhes in agony.
Aiming: Necrotize (safe; 2% risk of failure)
Press: ? - help, Q - select action, (/) - cycle Shift-Dir - straight line, f/p - kobold
Aim: a kobold, wielding a +0 dagger (severely wounded, chance to affect: 90%)
The kobold barely resists.
Aiming: Necrotize (safe; 2% risk of failure)
Press: ? - help, Q - select action, (/) - cycle Shift-Dir - straight line, f/p - kobold
Aim: a kobold, wielding a +0 dagger (severely wounded, chance to affect: 90%)
The kobold barely resists.
Aiming: Necrotize (safe; 2% risk of failure)
Press: ? - help, Q - select action, (/) - cycle Shift-Dir - straight line, f/p - kobold
Aim: a kobold, wielding a +0 dagger (severely wounded, chance to affect: 90%)
The kobold writhes in agony.
You kill the kobold!
The dead are walking!
Are you sure you want to abandon this character and quit the game? (Confirm with "yes".)

#.# #......#####
#.# ##.....# #.#
#.....# #.#
###..##### #.# #.)#
#). #..# #.# #..#
#.# #
####..###.##.####
#........@.).)...
#.##.###.Z###.###
#####.##.# #..#
.........###..###.#
.................#
#################.#


You could see a friendly kobold skeleton.

Vanquished Creatures
  A worm (D:2)
  A dart slug (D:2)
  2 endoplasms (D:1)
  6 goblins
  3 hobgoblins
  2 jackals (D:1)
  A quokka (D:1)
  2 ball pythons (D:1)
  2 bats
  2 frilled lizards
  3 kobolds
  3 rats (D:2)
28 creatures vanquished.

Vanquished Creatures (collateral kills)
  An endoplasm (D:1)
1 creature vanquished.

Grand Total: 29 creatures vanquished

Notes
Turn   | Place    | Note
-------+----------+-------------------------------------------
     0 | D:1      | rocky1 the Demonspawn Necromancer began the quest for the
                  | Orb.
     0 | D:1      | Reached XP level 1. HP: 13/13 MP: 3/3
   164 | D:1      | Gained mutation: You regenerate magic rapidly. [demonic
                  | ancestry]
   164 | D:1      | Reached XP level 2. HP: 19/19 MP: 0/5
   216 | D:1      | Reached skill level 5 in Necromancy
  1044 | D:2      | Gained mutation: Your touch may inflict minor irresistible
                  | damage on your foes. [demonic ancestry]
  1044 | D:2      | Reached XP level 3. HP: 13/24 MP: 1/6
  1189 | D:2      | Found a faded altar of an unknown god.
  1199 | D:2      | Prayed at the altar of an unknown god.
  1199 | D:2      | Became a worshipper of Uskayaw the Reveller
  1199 | D:2      | Reached * piety under Uskayaw
  1343 | D:2      | Upgraded the game from 0.29-a0-620-g13ace881f2 to
                  | 0.29-a0-717-g6dac4ea423
  1431 | D:2      | Quit the game

Illustrated notes

Levels and vault maps discovered:
D:1:      dpeg_arrival_rooms_a, layout_rooms
D:2:      layout_loops_ring, chequers_ecumenical_altar_simple_redux,
          moated_statue

Skill      XL: |  1  2 |
---------------+-------+-----
Necromancy     | 5 |  5.3
Dodging        | |  1.7
Stealth        | |  1.7
Spellcasting   | |  2.4

Action                   || total
-------------------------++-------
Melee: Dagger            ||    27
       Unarmed           ||     1
       Touch             ||     3
 Cast: Necrotize         ||    52
 Stab: Sleeping          ||     2
Armor: Leather armour    ||     5
Dodge: Dodged            ||    12

Table legend: (Time is in decaauts)
 A = Elapsed time spent in this place.
 B = Non-inter-level travel time spent in this place.
 C = Inter-level travel time spent in this place.
 D = Time resting spent in this place.
 E = Time spent auto-exploring this place.
 F = Levels seen in this place.
 G = Mean time per level.
                   A        B        C        D        E       F      G
               +--------+--------+--------+--------+--------+-----+--------+
         Total |   1430 |   1391 |     39 |    164 |    795 |   2 |  715.0 |
       Dungeon |   1430 |   1391 |     39 |    164 |    795 |   2 |  715.0 |
               +--------+--------+--------+--------+--------+-----+--------+

Top non-repeatable levels by time:
     D:2: 795 daAuts
     D:1: 634 daAuts
